 Dungeon Crawl Stone Soup version 0.29.0-4-gdea44cf6ec (webtiles) character file.

Game seed: 6960469145840130948

24 qw the Chopper (level 3, -2/18 (21) HPs)
             Began as a Tengu Warper on Aug 28, 2022.
             Slain by a hobgoblin
             ... wielding a +2 mace of draining
              (7 damage)
             ... on level 2 of the Dungeon.
             The game lasted 00:00:05 (1251 turns).

qw the Chopper (Tengu Warper)                       Turns: 1251, Time: 00:00:05

HP:   -2/18 (21)    AC:  8    Str: 13    XL:     3   Next: 2%
MP:   7/7           EV:  6    Int: 13    God:
Gold: 50            SH:  0    Dex: 13    Spells: 6/6 levels left

rFire   . . .      SeeInvis .   Y - +0 hand axe
rCold   . . .      Faith    .   (no shield)
rNeg    . . .      Spirit   .   e - +0 chain mail
rPois   .          Reflect  .   (helmet restricted)
rElec   .          Harm     .   (no cloak)
rCorr   .          Rampage  .   (no gloves)
Will    .....                   (boots unavailable)
Stlth   ..........              (no amulet)
HPRegen 0.06/turn               (no ring)
MPRegen 0.10/turn               (no ring)

@: heavily drained
A: beak, talons 3
a: no special abilities


You were on level 2 of the Dungeon.
You visited 1 branch of the dungeon, and saw 2 of its levels.

You collected 50 gold pieces.


Innate Abilities, Weirdness & Mutations

You have a beak for a mouth.
You have claws for feet.


   Skills:
 - Level 2.0 Fighting
 + Level 3.7 Axes
 - Level 1.0 Throwing
 - Level 1.1 Armour
 - Level 2.1 Dodging
 - Level 2.0 Spellcasting
 - Level 2.4 Translocations


You had 6 spell levels left.
You didn't know any spells.
Your spell library contained the following spells:

 Spells                   Type           Power      Damage    Failure   Level
 Blink                    Tloc           14%        N/A       99%         2
 Gell's Gravitas          Tloc           7%         N/A       100%        3
 Lesser Beckoning         Tloc           7%         N/A       100%        3
 Teleport Other           Tloc           7%         N/A       100%        3
 Manifold Assault         Tloc           7%         N/A       100%        5

Inventory:

Hand Weapons
 g - a +0 whip
 Y - a +0 hand axe (weapon)
Armour
 e - a +0 chain mail (worn)
Potions
 h - a potion of heal wounds

Dungeon Overview and Level Annotations

Branches:
Dungeon (2/15)

Altars:


Message History

The quokka bites you but does no damage.
You barely miss the quokka. You claw the quokka.
The quokka is moderately wounded.
The quokka barely misses you.
You closely miss the quokka. You claw the quokka, but do no damage.
The quokka is moderately wounded.
The quokka bites you.
You hit the quokka.
You kill the quokka!
You have reached level 3!
Your experience leads to an increase in your attributes!
Increase (S)trength, (I)ntelligence, or (D)exterity?
You feel stronger. x2
You start resting.
HP restored.
There is an open door here.
A hobgoblin comes into view. It is wielding a +2 mace of draining.
The hobgoblin shouts!
Enter note: You barely miss the hobgoblin.
You peck the hobgoblin, but do no damage.
The hobgoblin hits you with a +2 mace of draining.
You feel drained.
You hit the hobgoblin but do no damage.
The hobgoblin hits you with a +2 mace of draining.
You feel drained.
You barely miss the hobgoblin.
You peck the hobgoblin, but do no damage.
The hobgoblin barely misses you.
You hit the hobgoblin.
You claw the hobgoblin, but do no damage.
You peck the hobgoblin.
The hobgoblin is heavily wounded.
The hobgoblin completely misses you.
You hit the hobgoblin but do no damage.
The hobgoblin is heavily wounded.
The hobgoblin hits you with a +2 mace of draining.
You feel drained.
The hobgoblin hits you with a +2 mace of draining!
You die...

#....#.........<...#
..............#'#######
..............#........
........###...#........
........# #...#........
........# #...#........
........###...#........
..........+...+........
#######@###...#........
#.g.....#........
#.......#........
#........ .....####
...### .... ...#.


You could see a hobgoblin.

Vanquished Creatures
  A dart slug (D:1)
  2 endoplasms (D:1)
  A giant cockroach (D:1)
  3 hobgoblins (D:1)
  2 jackals (D:1)
  3 quokkas
  3 ball pythons (D:1)
  3 bats (D:1)
  2 kobolds (D:1)
20 creatures vanquished.

Notes
Turn   | Place    | Note
-------+----------+-------------------------------------------
     0 | D:1      | qw the Tengu Warper began the quest for the Orb.
     0 | D:1      | Reached XP level 1. HP: 12/12 MP: 4/4
     0 | D:1      | 0 ||| qw: Version: 0.1-a-89-g26bdef1
     0 | D:1      | 0 ||| qw: Game counter: 3338
     0 | D:1      | 0 ||| qw: Always use a shield: true
     0 | D:1      | 0 ||| qw: God list: Okawaru
     0 | D:1      | 0 ||| qw: Allow faded altars: false
     0 | D:1      | 0 ||| qw: Do Orc after D:15 true
     0 | D:1      | 0 ||| qw: Do second Lair branch before Depths: true
     0 | D:1      | 0 ||| qw: Lair rune preference: random
     0 | D:1      | 0 ||| qw: Plans: Normal
     0 | D:1      | 0 ||| PLANNING D:1-11
   108 | D:1      | Reached XP level 2. HP: 17/17 MP: 6/6
   113 | D:1      | Reached skill level 3 in Axes
   884 | D:1      | Found a faded altar of an unknown god.
  1058 | D:1      | 1058 ||| UPGRADING to +0 chain mail.
  1068 | D:1      | 1068 ||| DROPPING +0 leather armour.
  1069 | D:1      | 1069 ||| READING scroll labelled JEIF VATEUBE.
  1070 | D:1      | 1070 ||| READING scroll labelled BET ZAUVOR.
  1193 | D:1      | 1193 ||| READING scroll labelled UDIFOA HOEF.
  1194 | D:1      | 1194 ||| DRINKING 2 glowing dark potions.
  1195 | D:1      | 1195 ||| DROPPING scroll of blinking.
  1219 | D:2      | Reached XP level 3. HP: 20/21 MP: 7/7
  1251 | D:2      | Slain by a hobgoblin

Levels and vault maps discovered:
D:1:      scummos_arrival_simple_crosswalls, layout_basic,
          shapermc_ecumenical_altar_totnotflames, solitary_fountain,
          minmay_close_crescents
D:2:      layout_basic, st_stairs_4, uniq_crazy_yiuf_cottage

Skill      XL: |  1  2 |
---------------+-------+-----
Axes           | 3 |  3.7
Fighting       | |  2.0
Throwing       | |  1.0
Armour         | |  1.1
Dodging        | |  2.1
Spellcasting   | |  2.0
Translocations | |  2.4

Action                   || total
-------------------------++-------
Melee: Hand axe          ||    40
       Kick              ||    16
       Peck              ||     8
Throw: Boomerang         ||     7
  Use: Scroll            ||     3
       Potion            ||     1
Armor: Leather armour    ||     4
       Chain mail        ||     1
Dodge: Dodged            ||    25

Table legend:
 A = Non-vault XP
 B = Vault XP
 C = Vault XP percentage of total XP
 D = Non-vault monster count
 E = Vault monster count
 F = Vault count percentage of total count
                 A         B        C        D         E       F
            +---------+---------+-------+---------+---------+-------
      Total |      28 |       7 |  20.0 |      16 |       4 |  20.0
            +---------+---------+-------+---------+---------+-------
        D:1 |      26 |       7 |  21.2 |      15 |       4 |  21.1
        D:2 |       2 |       0 |   0.0 |       1 |       0 |   0.0
            +---------+---------+-------+---------+---------+-------
